 Dungeon Crawl Stone Soup version 0.22-a0 (webtiles) character file.

53 urgleburgle the Grave Robber (level 3, -2/26 HPs)
             Began as a Hill Orc Necromancer on Jan 1, 2018.
             Was an Initiate of Beogh.
             Slain by a quokka (4 damage)
             ... on level 3 of the Dungeon.
             The game lasted 00:08:00 (1992 turns).

urgleburgle the Grave Robber (Hill Orc Necromancer) Turns: 1992, Time: 00:08:01

Health: -2/26      AC:  4    Str: 11    XL:     3   Next: 89%
Magic:  3/6        EV: 11    Int: 15    God:    Beogh [......]
Gold:   53         SH:  0    Dex: 11    Spells: 5/6 levels left

rFire    . . .     SeeInvis .   h - +0 hand axe
rCold    . . .     Gourm    .   (no shield)
rNeg     . . .     Faith    .   k - +1 leather armour (curse)
rPois    .         Spirit   .   (no helmet)
rElec    .         Reflect  .   (no cloak)
rCorr    +         Harm     .   (no gloves)
MR       .....                  (no boots)
Stlth    +.........             (no amulet)
HPRegen  0.08/turn              e - ring of resist corrosion
MPRegen  0.10/turn              (no ring)

@: no status effects
A: no striking features
a: Renounce Religion


You were on level 3 of the Dungeon.
You worshipped Beogh.
Beogh was noncommittal.
You were hungry.

You visited 1 branch of the dungeon, and saw 3 of its levels.

You collected 53 gold pieces.

Inventory:

Hand Weapons
 h - a +0 hand axe (weapon)
Armour
 k - a cursed +1 leather armour (worn)
Jewellery
 e - a ring of resist corrosion (left hand)
Scrolls
 i - a scroll of magic mapping
 j - a scroll of identify
Potions
 a - a potion of degeneration {unknown}
 c - 2 potions of haste {unknown}
 f - a potion of mutation {unknown}
Books
 b - a book of Necromancy

   Spells                             Type                      Level
   a - Pain                           Necromancy                   1
   b - Animate Skeleton               Necromancy                   1
   c - Vampiric Draining              Necromancy                   3
   d - Regeneration                   Charms/Necromancy            3
   e - Animate Dead                   Necromancy                   4
   f - Borgnjor's Vile Clutch         Necromancy/Earth             5
Comestibles
 d - a ration


   Skills:
 + Level 0.1 Fighting
 + Level 0.1 Axes
 + Level 1.8 Dodging
 + Level 1.6 Stealth
 + Level 2.1 Spellcasting
 + Level 4.8 Necromancy


You had 5 spell levels left.
You knew the following spells:

 Your Spells              Type           Power        Failure   Level  Hunger
a - Pain                  Necr           ###.         4%          1    #......


Dungeon Overview and Level Annotations

Branches:
Dungeon (3/15)

Altars:


Message History

The quokka bites you. The leopard gecko bites you. The quokka bites you.
* * * LOW HITPOINT WARNING * * *
The orc hits you with a mace.
* * * LOW HITPOINT WARNING * * *
The leopard gecko barely misses you.
You bow before the missionary of Beogh.
Beogh welcomes you!
With a roar of approval, the orcs welcome you as one of their own, and spare your life.
The quokka barely misses you. The leopard gecko closely misses you.
Something barely misses the orc.
Casting: Pain
Confirm with . or Enter, or press ? or * to list all spells.
Aiming: Pain
Press: ? - help, Shift-Dir - straight line, f - leopard gecko
Aim: a leopard gecko (clinging, chance to defeat MR: 87%)
The leopard gecko writhes in agony!
You kill the leopard gecko!
Beogh accepts your kill. The quokka bites you.
You die...

+# ## #####.# #?
.......
#.###.......
####.......#...
#....@r........
....#..#.#...##.#
.........<......#
##.....))#o#.###
.......... o.
+##.#......# .#
...####...o .# ..
..#[.# # #.#...


You could see an orc (wandering), a quokka, a neutral orc priest (wandering) and
a neutral orc (wandering).

Vanquished Creatures
  2 adders (D:2)
  3 dart slugs (D:1)
  A leopard gecko (D:3)
  An orc (D:3)
  2 ball pythons
  2 giant cockroaches
  6 goblins
  A hobgoblin (D:2)
  3 kobolds (D:1)
  4 bats
  A frilled lizard (D:1)
  3 rats
29 creatures vanquished.

Notes
Turn   | Place    | Note
-------+----------+-------------------------------------------
     0 | D:1      | urgleburgle the Hill Orc Necromancer began the quest for the Orb.
     0 | D:1      | Reached XP level 1. HP: 14/14 MP: 3/3
   369 | D:1      | Reached XP level 2. HP: 20/20 MP: 2/4
  1293 | D:2      | Reached XP level 3. HP: 23/26 MP: 2/5
  1989 | D:3      | Became a worshipper of Beogh the Brigand
  1992 | D:3      | Slain by a quokka

Vault maps used:
D:1:      sevenhm_arrival_forest_fort_small_4
D:3:      ashenzari_conservatory_becter, old_standard_altar, first_ration,
          minmay_box_of_dots, uniq_terence

Skill      XL: |  1  2  3 |
---------------+----------+-----
Spellcasting   | 2 |  2.1
Fighting       | |  0.1
Axes           | |  0.1
Dodging        | |  1.8
Stealth        | |  1.6
Necromancy     | |  4.8

Action                   || total
-------------------------++-------
Melee: Dagger            ||     5
       Short sword       ||    20
       Hand axe          ||    18
 Cast: Pain              ||    42
Invok: Convert to Beogh  ||     1
  Use: Scroll            ||     4
       Potion            ||     2
 Stab: Sleeping          ||     1
  Eat: Ration            ||     1
Armor: Robe              ||     3
       Scale mail        ||     6
       Leather armour    ||     2
Dodge: Dodged            ||    37

Table legend:
 A = Spawn XP
 B = Non-spawn XP
 C = Spawn XP percentage of total XP
 D = Spawn monster count
 E = Non-spawn monster count
 F = Spawn count percentage of total count
 G = Total turns spent on level
                    A         B        C        D         E        F      G
               +---------+---------+-------+---------+---------+-------+---------
         Total |       0 |      77 |   0.0 |       0 |      29 |   0.0 |  1992
               +---------+---------+-------+---------+---------+-------+---------
           D:1 |       0 |      32 |   0.0 |       0 |      16 |   0.0 |  1225
           D:2 |       0 |      37 |   0.0 |       0 |       9 |   0.0 |   756
           D:3 |       0 |       8 |   0.0 |       0 |       4 |   0.0 |    11
               +---------+---------+-------+---------+---------+-------+---------
